Map: Eternal Empire LE

Players

soul - Winner!

  • Race: Terran Terran
  • League: Master
  • Spawn Location: 7:00

Neeblet (Neeb)

  • Race: Protoss Protoss
  • Spawn Location: 1:00

Event: StayAtHomestory Cup #2

VOD

Have the link to the VOD?

Description

Time

  • Played on: June 11, 2020, 5:55 p.m.
  • Length: 12:06

All games in this series

Show
View Real Time Build Order
Export as new Build Order

soul Terran - Winner!

Build Orders:  

Get SALT Encoding   

  12  0:00  SCV  
  13  0:12  SCV  
  14  0:17  Supply Depot  
  14  0:25  SCV  
  15  0:39  SCV  
  15  0:40  Barracks  
  16  0:45  Refinery  
  16  0:51  SCV  
  17  1:03  SCV  
  18  1:10  Engineering Bay  
  18  1:16  SCV  
  19  1:29  Orbital Command  
  19  1:30  Reaper  
  20  2:05  SCV  
  20  2:07  Marine  
  21  2:11  Supply Depot  
  21  2:14  Command Center  
  21  2:17  SCV  
  21  2:20  Bunker  
  22  2:25  Factory  
  22  2:28  Barracks Reactor  
  22  2:29  SCV  
  23  2:34  Refinery  
  23  2:41  SCV  
  24  2:54  SCV  
  25  3:05  Marine x2  
  27  3:09  SCV, Starport, Widow Mine  
  30  3:21  SCV  
  30  3:25  Marine, Orbital Command  
  32  3:29  Marine  
  32  3:33  SCV, Widow Mine  
  36  3:46  SCV, Supply Depot  
  36  3:48  Medivac  
  39  3:51  SCV  
  39  3:52  Armory  
  40  3:58  SCV  
  40  4:01  Supply Depot  
  40  4:02  Factory Tech Lab  
  40  4:03  SCV  
  40  4:14  SCV  
  40  4:16  SCV  
  42  4:18  Viking  
  42  4:26  SCV  
  42  4:28  SCV  
  44  4:32  Cyclone  
  44  4:38  SCV, Marine  
  48  4:39  Marine  
  48  4:40  SCV  
  48  4:43  Drilling Claws  
  51  4:50  SCV  
  51  4:51  Supply Depot  
  51  4:52  SCV  
  54  5:02  SCV  
  54  5:04  SCV  
  54  5:05  Widow Mine, Medivac  
  60  5:10  Supply Depot x2  
  59  5:14  SCV  
  59  5:17  SCV  
  61  5:24  Command Center  
  61  5:26  SCV  
  61  5:27  Marine x2, Widow Mine  
  66  5:34  Barracks  
  66  5:40  Refinery  
  66  5:41  SCV  
  66  5:42  SCV, Refinery  
  68  5:45  Barracks  
  68  5:46  Starport Reactor  
  68  5:53  SCV  
  68  5:55  SCV  
  70  5:57  Engineering Bay x2  
  70  6:01  Marine  
  71  6:05  SCV  
  71  6:10  SCV  
  71  6:15  Factory Reactor  
  71  6:17  SCV, Barracks  
  71  6:18  Barracks  
  70  6:23  SCV  
  70  6:25  Terran Infantry Armor Level 1, Terran Infantry Weapons Level 1  
  71  6:32  SCV, Barracks Tech Lab  
  70  6:38  Marine  
  70  6:39  Stimpack, Marauder  
  73  6:40  Orbital Command  
  73  6:42  SCV  
  73  6:44  Medivac  
  73  6:45  Medivac  
  78  6:48  SCV  
  78  6:52  Marine, Widow Mine x2  
  78  6:53  Marauder  
  86  7:02  Marine, Marauder  
  86  7:03  SCV  
  86  7:04  Bunker  
  88  7:10  Barracks Tech Lab  
  88  7:13  Widow Mine  
  88  7:14  Widow Mine, Medivac x2  
  94  7:22  Marine, Marauder  
  97  7:26  Barracks Reactor  
  97  7:27  Marine, Marauder  
  97  7:28  SCV  
  101  7:32  Supply Depot  
  101  7:34  Supply Depot  
  100  7:39  Supply Depot  
  100  7:40  Supply Depot  
  100  7:43  Marine  
  101  7:52  Combat Shield  
  101  7:53  SCV, Marine  
  101  7:54  Widow Mine x2, Marauder  
  101  7:56  Marauder x2  
  101  7:58  Orbital Command  
  113  8:01  Marine  
  111  8:07  Medivac x2  
  111  8:10  Marine  
  112  8:14  SCV  
  112  8:15  SCV, Widow Mine x2, Marauder  
  112  8:17  Marauder  
  122  8:21  Marine  
  122  8:22  Marauder  
  122  8:26  SCV  
  122  8:27  SCV  
  127  8:29  SCV  
  127  8:30  Marine  
  129  8:34  Terran Infantry Weapons Level 2  
  129  8:36  Widow Mine, Marauder  
  129  8:40  Supply Depot  
  133  8:42  Supply Depot  
  133  8:43  Supply Depot  
  133  8:44  SCV  
  133  8:47  SCV  
  133  8:49  Marine  
  133  8:52  Marine  
  133  8:53  Marine  
  133  8:54  Reaper  
  133  9:02  Widow Mine x2, Marauder x2  
  141  9:03  Marauder  
  141  9:06  Medivac  
  141  9:07  Marine, Medivac  
  146  9:10  Marine  
  146  9:15  SCV, Refinery x2  
  146  9:16  Command Center  
  142  9:17  Supply Depot  
  142  9:18  SCV  
  142  9:21  Marine  
  142  9:24  Marine, Widow Mine, Marauder  
  140  9:26  Marine, Marauder  
  135  9:33  Marine  
  135  9:36  Widow Mine  
  133  9:38  Medivac x2  
  133  9:40  SCV  
  133  9:42  Marauder  
  133  9:44  Marine  
  133  9:45  Widow Mine, Marauder  
  144  9:48  Marine  
  144  9:49  Marauder  
  145  9:54  Marine  
  145  9:55  Marine  
  145  9:57  Widow Mine  
  143  10:02  Bunker x2  
  143  10:04  Bunker  
  143  10:06  Widow Mine  
  135  10:09  SCV x2, Starport  
  135  10:10  SCV  
  135  10:12  Viking  
  135  10:15  Viking  
  135  10:19  Widow Mine  
  139  10:32  SCV  
  139  10:35  Ghost Academy  
  136  10:42  Viking  
  136  10:47  Viking  
  136  10:48  Starport Reactor  
  140  10:51  Marauder  
  140  10:52  Marine, Marauder x2  
  140  10:57  SCV  
  148  11:03  Marine  
  148  11:04  Marine  
  149  11:09  Marine  
  149  11:10  Marine  
  149  11:13  Marauder x2  
  149  11:14  Marauder  
  149  11:18  Unknown  
  145  11:21  Marine  
  145  11:22  Marine  
  141  11:27  Marine  
  141  11:28  Marine  
  141  11:30  Viking x4  
  151  11:34  Marauder  
  151  11:35  Marauder x2  
  151  11:39  Marine x2  
  154  11:45  Marine  
  154  11:46  Marine  
Show
View Real Time Build Order
Export as new Build Order

Neeblet Protoss 

Build Orders: Oracle Opening 

Get SALT Encoding   

  12  0:00  Probe  
  13  0:12  Probe  
  14  0:17  Pylon  
  14  0:23  Probe  
  15  0:31  Probe  
  16  0:37  Gateway  
  16  0:39  Probe  
  16  0:47  Assimilator  
  17  0:51  Probe  
  18  1:03  Probe  
  19  1:15  Probe  
  20  1:25  Zealot  
  22  1:26  Cybernetics Core  
  22  1:27  Probe, Pylon  
  23  1:45  Probe  
  24  1:52  Assimilator  
  24  1:53  Stalker  
  24  1:55  Pylon  
  24  1:58  Probe  
  27  2:10  Probe  
  28  2:19  Nexus  
  28  2:21  Stalker  
  30  2:32  Pylon  
  30  2:36  Probe  
  31  2:39  Warp Gate  
  31  2:50  Probe  
  34  2:52  Stargate  
  32  3:00  Stalker  
  32  3:05  Probe  
  35  3:14  Pylon  
  35  3:17  Probe  
  36  3:25  Oracle  
  36  3:29  Probe  
  36  3:31  Probe  
  38  3:41  Probe  
  42  3:43  Probe  
  43  3:53  Probe, Oracle  
  43  3:55  Probe  
  48  4:05  Probe  
  48  4:07  Probe  
  50  4:17  Probe, Gateway  
  50  4:18  Gateway  
  50  4:19  Probe  
  50  4:23  Phoenix  
  52  4:29  Probe, Pylon  
  55  4:31  Probe  
  56  4:41  Probe  
  56  4:43  Nexus, Pylon  
  57  4:47  Pylon  
  57  4:49  Probe  
  58  4:57  Probe  
  59  5:02  Probe  
  59  5:04  Assimilator  
  59  5:05  Assimilator  
  60  5:09  Probe  
  60  5:12  Forge  
  60  5:13  Pylon  
  60  5:14  Robotics Facility  
  61  5:15  Sentry  
  61  5:18  Probe  
  61  5:20  Pylon  
  64  5:23  Sentry, Stalker  
  64  5:26  Probe  
  69  5:30  Pylon  
  69  5:33  Probe  
  70  5:37  Protoss Ground Armor Level 1  
  70  5:39  Probe  
  70  5:41  Pylon  
  71  5:46  Sentry  
  71  5:47  Probe  
  74  5:50  Photon Cannon  
  74  5:54  Photon Cannon  
  74  5:58  Probe x2  
  74  6:00  Probe  
  77  6:08  Probe  
  77  6:10  Probe x2  
  73  6:16  Probe  
  74  6:18  Probe  
  74  6:23  Robotics Bay, Probe  
  74  6:24  Probe  
  77  6:27  Probe  
  79  6:34  Probe  
  79  6:36  Probe  
  79  6:38  Probe  
  75  6:42  Probe  
  75  6:44  Probe  
  76  6:47  Stalker x3  
  76  6:48  Immortal  
  76  6:50  Probe  
  76  6:51  Probe  
  76  6:53  Probe  
  90  7:02  Probe  
  90  7:03  Probe  
  90  7:06  Probe  
  93  7:15  Probe  
  94  7:19  Gateway x2  
  94  7:20  Observer, Twilight Council  
  94  7:24  Nexus, Colossus  
  94  7:29  Probe  
  97  7:30  Probe  
  97  7:35  Probe  
  98  7:37  Pylon  
  98  7:38  Protoss Ground Weapons Level 1  
  104  7:44  Probe  
  104  7:45  Extended Thermal Lance  
  104  7:49  Pylon  
  105  7:53  Gateway x2  
  105  8:04  Colossus, Probe  
  102  8:06  Pylon  
  102  8:07  Charge, Probe  
  102  8:09  Probe  
  104  8:15  Photon Cannon  
  104  8:16  Probe  
  104  8:19  Gateway  
  111  8:20  Gateway  
  111  8:25  Pylon  
  111  8:26  Probe, Templar Archives  
  112  8:29  Pylon  
  112  8:32  Probe  
  113  8:37  Photon Cannon  
  113  8:38  Zealot x4  
  121  8:45  Stalker  
  121  8:48  Stalker x2  
  125  8:57  Probe  
  119  9:06  Stalker x3  
  114  9:25  Stalker x4  
  122  9:34  Nexus  
  122  9:36  Probe x2  
  122  9:41  Zealot x2  
  122  9:42  Zealot  
  123  9:50  Probe  
  123  9:52  Zealot x2  
  126  9:53  Zealot x2  
  126  9:58  Probe  
  126  9:59  Probe  
  128  10:09  Probe  
  128  10:10  Probe  
  130  10:18  Probe  
  130  10:20  Pylon  
  130  10:21  Probe  
  132  10:22  Probe  
  124  10:30  Probe  
  124  10:33  Probe  
  126  10:37  Probe  
  126  10:40  Zealot x3, Stalker  
  126  10:41  Zealot x3  
  141  10:46  Probe, Robotics Facility  
  141  10:47  Robotics Facility  
  141  10:48  Probe  
  143  10:50  Probe  
  143  10:51  Disruptor  
  144  11:04  Zealot x4  
  151  11:07  Zealot x2  
  156  11:12  Zealot  
  156  11:13  Pylon  
  156  11:15  Probe x2  
  130  11:30  Zealot x2, Stalker x3  
  130  11:31  Zealot  
  132  11:37  Probe x2  
  128  11:40  Probe  
  111  11:49  Probe x2  
  111  11:53  Probe  
  111  11:54  Zealot x3  
Tags
 
Add a new tag
Caveats
  • Supply blocks, unpowered buildings, or Contaminate may cause inaccurate times.
  • Supply counts are checked every 10 seconds.